 Dungeon Crawl Stone Soup version 0.29.1-1-gd02db6906a (webtiles) character file.

Game seed: 10652038997959493211

676 mcbry74 the Cleaver (level 7, 0/51 HPs)
             Began as a Hill Orc Gladiator on Oct 7, 2022.
             Was a Plaything of Xom.
             Killed from afar by an orc wizard (4 damage)
             ... with a magic dart
             ... on level 5 of the Dungeon.
             The game lasted 00:13:23 (4168 turns).

mcbry74 the Cleaver (Hill Orc Gladiator)            Turns: 4168, Time: 00:13:24

Health: 0/51       AC:  8    Str: 16 (17) XL:     7   Next: 60%
Magic:  7/7        EV: 10    Int:  6      God:    Xom [.*....]
Gold:   149        SH:  0    Dex: 12      Spells: 6/6 levels left

rFire   . . .      SeeInvis .   a - +2 war axe
rCold   . . .      Faith    .   (no shield)
rNeg    . . .      Spirit   .   s - +0 scale mail {rPois}
rPois   +          Reflect  .   c - +0 helmet
rElec   .          Harm     .   (no cloak)
rCorr   +          Rampage  .   (no gloves)
Will    .....                   j - +0 pair of boots
Stlth   ..........              (no amulet)
HPRegen 0.17/turn               q - ring of resist corrosion
MPRegen 0.10/turn               (no ring)

@: confused
A: dopey 2, frail 1
a: Renounce Religion


You were on level 5 of the Dungeon.
You worshipped Xom.
You were a plaything of Xom.
You visited 1 branch of the dungeon, and saw 5 of its levels.

You collected 149 gold pieces.

Inventory:

Hand Weapons
 a - a +2 war axe (weapon)
Missiles
 d - 4 throwing nets
 e - 3 javelins
 f - 17 boomerangs
 h - 6 curare-tipped darts
 p - 4 poisoned darts
Armour
 b - a +0 leather armour
 c - a +0 helmet (worn)
 j - a +0 pair of boots (worn)
 l - a +0 scale mail
 r - a +0 kite shield
 s - a +0 scale mail of poison resistance (worn)
Jewellery
 q - a ring of resist corrosion (left hand)
Wands
 m - a wand of quicksilver (1) (quivered)
Potions
 g - a potion of invisibility {unknown}
 i - a potion of attraction {unknown}
 k - a potion of brilliance {unknown}
 n - 3 potions of curing
 o - a potion of mutation {unknown}
 t - a potion of flight {unknown}


   Skills:
 - Level 3.1 Fighting
 * Level 8.9 Axes
 - Level 2.0 Throwing
 + Level 2.3 Armour
 + Level 4.2 Dodging


You had 6 spell levels left.
You didn't know any spells.
Your spell library contained the following spells:

 Spells                   Type           Power      Damage    Failure   Level
 Sting                    Tmut/Pois      0%         1d3       87%         1
 Summon Small Mammal      Summ           0%         N/A       87%         1
 Poisonous Vapours        Pois/Air       0%         N/A       95%         2
 Call Canine Familiar     Summ           0%         N/A       99%         3
 Summon Guardian Golem    Hex/Summ       0%         N/A       99%         3
 Olgreb's Toxic Radiance  Pois           0%         N/A       100%        4
 Fireball                 Conj/Fire      0%         3d3       100%        5
 Starburst                Conj/Fire      0%         6d3       100%        6
 Orb of Destruction       Conj           0%         9d5       100%        7
 Spellforged Servitor     Conj/Summ      0%         N/A       100%        7
 Ignition                 Fire           0%         3d3       100%        8


Dungeon Overview and Level Annotations

Branches:
Dungeon (5/15)
 Temple: D:4-7

Altars:
Fedhas
Vehumet
Xom
Yredelemnul

Shops:
D:1 (


Innate Abilities, Weirdness & Mutations

You are very dopey. (Int -4)
You are frail. (-10% HP)


Message History

* * * LOW HITPOINT WARNING * * *
You feel drained.
* * * LOW HITPOINT WARNING * * *
Something hits you but does no damage. The orc priest closely misses you.
You slash the orc priest!
The orc priest is severely wounded.
You barely miss something.
You feel yourself speed up. Something hits you but does no damage.
The orc priest barely misses you.
You slash the orc priest!
You kill the orc priest!
You barely miss something. Something hits you but does no damage.
Your life force feels restored.
Something hits you.
* * * LOW HITPOINT WARNING * * *
The orc jeers to no one in particular.
Something hits you.
* * * LOW HITPOINT WARNING * * *
You slash the orc!
You kill the orc!
You miss something. Something hits you.
* * * LOW HITPOINT WARNING * * *
You barely miss something. Something hits you but does no damage.
You hit something. Something completely misses you.
You miss something. Something hits you but does no damage.
You hit something. Something hits you but does no damage.
You hit something but do no damage. Something hits you but does no damage.
You hit something.
You hear some strange, mumbled words.
You are confused.
Something hits you but does no damage.
Things that are here:
a +2 whip of draining; an orc corpse You're too confused to move!
You recover from your berserk rage.
You hear some strange, mumbled words.
A magic dart appears from out of thin air!
The magic dart hits you.
You die... "It's all fun and games until someone loses an eye."

#.....###......#
#####.#..†.....#
#.......#..§.))#
#####.########)#
#.# #.# #.# #)#
#.# ######.#####
#.. #.......†.$#
##. #......@...# #
......).{..#
#..........#
...........#
...........#
.......)...#######
........$........#
...........#######
...........#


There were no monsters in sight!

Vanquished Creatures
  Sigmund (D:2)
  2 scorpions (D:5)
  A jelly (D:5)
  An orc priest (D:5)
  Ijyb (D:4)
  Jessica (D:2)
  A statue (D:3)
  6 adders
  9 gnolls
  A worm (D:2)
  3 dart slugs
  14 orcs
  8 endoplasms
  2 giant cockroaches
  5 goblins
  6 hobgoblins
  4 jackals (D:3)
  6 quokkas
  8 ball pythons
  3 bats
  3 frilled lizards
  9 kobolds
  3 rats
98 creatures vanquished.

Vanquished Creatures (others)
  7 plants (D:2)
7 creatures vanquished.

Grand Total: 105 creatures vanquished

Notes
Turn   | Place    | Note
-------+----------+-------------------------------------------
     0 | D:1      | mcbry74 the Hill Orc Gladiator began the quest for the Orb.
     0 | D:1      | Reached XP level 1. HP: 18/18 MP: 1/1
   135 | D:1      | Found Ydiskiz's Antique Weapon Shop.
   247 | D:1      | Reached XP level 2. HP: 22/25 MP: 2/2
   809 | D:1      | Found a faded altar of an unknown god.
  1080 | D:1      | Prayed at the altar of an unknown god.
  1080 | D:1      | Became a worshipper of The Xom-Meister,
                  | Xom-a-lom-a-ding-dong
  1127 | D:2      | Reached XP level 3. HP: 21/30 MP: 3/3
  1201 | D:2      | Reached skill level 5 in Axes
  1624 | D:2      | Reached XP level 4. HP: 38/38 MP: 4/4
  1638 | D:2      | Noticed Jessica
  1645 | D:2      | Killed Jessica
  1874 | D:2      | Noticed Sigmund
  1889 | D:2      | XOM: smoke on damage
  1890 | D:2      | XOM: enchant monster (good)
  1893 | D:2      | Killed Sigmund
  1894 | D:2      | Reached skill level 7 in Axes
  1894 | D:2      | Reached XP level 5. HP: 42/45 MP: 5/5
  1894 | D:2      | Reached XP level 6. HP: 47/51 MP: 6/6
  2355 | D:3      | XOM: scenery: summon butterflies
  2370 | D:3      | XOM: chaos cloud
  2377 | D:3      | XOM: give mutations
  2377 | D:3      | Gained mutation: You are frail. (-10% HP) [Xom's mischief]
  2377 | D:3      | Gained mutation: Your body sometimes deteriorates upon
                  | taking damage. [Xom's mischief]
  2377 | D:3      | Gained mutation: Armour fits poorly on your strangely
                  | shaped body. [Xom's mischief]
  2654 | D:3      | XOM: give mutations
  2654 | D:3      | Gained mutation: You are dopey. (Int -2) [Xom's mischief]
  2654 | D:3      | Gained mutation: You are very dopey. (Int -4) [Xom's
                  | mischief]
  2654 | D:3      | Lost mutation: Armour fits poorly on your strangely shaped
                  | body. [Xom's mischief]
  2654 | D:3      | Gained mutation: You are covered in fur. (AC +1) [Xom's
                  | mischief]
  2822 | D:3      | XOM: noise
  2828 | D:3      | Found a radiant altar of Vehumet.
  2837 | D:3      | XOM: draining
  2916 | D:3      | XOM is BORED!
  2916 | D:3      | XOM: stat loss: -2 Int (4/6)
  2973 | D:3      | Found a basalt altar of Yredelemnul.
  3338 | D:4      | XOM: summons 1 hostile shadow creature
  3384 | D:4      | Noticed Ijyb
  3384 | D:4      | XOM: 2-stop teleportation journey
  3420 | D:4      | Killed Ijyb
  3421 | D:4      | Reached skill level 8 in Axes
  3474 | D:4      | Reached skill level 1 in Armour
  3611 | D:4      | XOM: stat loss: -1 Str (16/17)
  3622 | D:4      | Reached XP level 7. HP: 47/47 MP: 7/7
  3745 | D:4      | XOM: give mutations
  3745 | D:4      | Gained mutation: Armour fits poorly on your strangely
                  | shaped body. [Xom's mischief]
  3745 | D:4      | Lost mutation: You are covered in fur. (AC +1) [Xom's
                  | mischief]
  3745 | D:4      | Lost mutation: Armour fits poorly on your strangely shaped
                  | body. [Xom's mischief]
  3936 | D:4      | XOM: noise
  3960 | D:5      | Entered Level 5 of the Dungeon
  3967 | D:5      | XOM: 2-stop teleportation journey
  4081 | D:5      | Found a blossoming altar of Fedhas.
  4081 | D:5      | Found a shimmering altar of Xom.
  4115 | D:5      | XOM: chaos cloud
  4137 | D:5      | XOM: give mutation
  4137 | D:5      | Lost mutation: Your body sometimes deteriorates upon taking
                  | damage. [Xom's mischief]
  4152 | D:5      | XOM: 1-stop teleportation journey
  4168 | D:5      | Killed from afar by an orc wizard

Illustrated notes

Levels and vault maps discovered:
D:1:      amcnicky_arrival_abandoned_market, layout_basic,
          ebering_ecumenical_altar_hall, serial_shops,
          nicolae_shop_hallway_stairs, hangedman_abyss_or_decor_stabs
D:2:      layout_loops_ring, serial_bayou, serial_bayou_ford_a,
          serial_bayou_pond_a, serial_bayou_pond_b, serial_bayou_pond_e,
          palyth_stone_intersect, uniq_jessica, uniq_sigmund
D:3:      layout_loops_cross, general_overflow_altar, vehumet_statue
D:4:      layout_rooms, kennysheep_generic_room_8, uniq_ijyb
D:5:      layout_rooms, nicolae_overflow_two_pavilions,
          gammafunk_ghost_necromancy, uniq_blork_the_orc

Skill      XL: |  1  2  3  4  5  6  7 |
---------------+----------------------+-----
Throwing       | 2 |  2.0
Fighting       | 3 |  3.1
Axes           | 5 7 8 |  8.9
Dodging        | 3 4 |  4.2
Armour         | 1 2 |  2.3

Action                   |  1- 3 |  4- 6 |  7- 9 || total
-------------------------+-------+-------+-------++-------
Melee: War axe           |    78 |   141 |    51 ||   270
       Punch             |       |     1 |       ||     1
Evoke: Wand              |       |     1 |     1 ||     2
  Use: Scroll            |       |     7 |     1 ||     8
       Potion            |       |     1 |     1 ||     2
 Stab: Sleeping          |     1 |       |       ||     1
       Invisible         |       |     2 |       ||     2
Armor: Leather armour    |    29 |    18 |       ||    47
       Scale mail        |       |    20 |    19 ||    39
       Skin              |       |     7 |       ||     7
Dodge: Dodged            |    42 |    98 |    32 ||   172
